 Dungeon Crawl Stone Soup version 0.21.1-1-g345015fe64 (webtiles) character file.

40265 Ivernyr the Nimble (level 14, 0/108 HPs)
             Began as a Gnoll Arcane Marksman on Mar 16, 2018.
             Was the Champion of Okawaru.
             Splashed by an acid blob's acid (9 damage)
             ... on level 6 of the Lair of Beasts on Mar 18, 2018.
             The game lasted 02:52:52 (23197 turns).

Ivernyr the Nimble (Gnoll Arcane Marksman)         Turns: 23197, Time: 02:52:52

Health: 0/108      AC: 11    Str: 16    XL:     14   Next: 10%
Magic:  24/27      EV: 21    Int: 23    God:    Okawaru [******]
Gold:   1033       SH: 11    Dex: 30    Spells: 16/31 levels left

rFire    . . .     SeeInvis +   Y - +8 rapier "Amnipsib" {drain, rPois Int+4 Dex+3}
rCold    . . .     Gourm    .   T - +3 buckler {reflect}
rNeg     . . .     Faith    +   b - +4 ring mail of Awe {rElec Int+3 Stlth+}
rPois    +         Spirit   .   s - +1 helmet of Immorality {Slay+3 SInv}
rElec    +         Reflect  +   E - +1 cloak
rCorr    .         Harm     .   I - +2 pair of gloves
MR       +....                  (no boots)
Stlth    +++++.....             P - amulet of Kihesm {Faith rPois Dex+4}
HPRegen  1.28/turn              w - +3 ring of strength
MPRegen  0.20/turn              K - +3 ring of dexterity

@: corroded, regenerating
A: distributed training, fangs 1, strong nose
a: Heroism, Finesse, Renounce Religion


You were on level 6 of the Lair of Beasts.
You worshipped Okawaru.
Okawaru was exalted by your worship.
You were not hungry.

You visited 3 branches of the dungeon, and saw 18 of its levels.

You collected 1242 gold pieces.
You spent 209 gold pieces at shops.

Inventory:

Hand Weapons
 a - a +0 arbalest
 Q - the +9 flail of Severance {venom, Dex+2}
   (You found it on level 9 of the Dungeon)

   It poisons the flesh of those it strikes.
   It affects your dexterity (+2).
 Y - the +8 rapier "Amnipsib" (weapon) {drain, rPois Int+4 Dex+3}
   (Okawaru gifted it to you on level 5 of the Lair of Beasts)

   A truly terrible weapon, it drains the life of those it strikes.
   It affects your intelligence (+4).
   It affects your dexterity (+3).
   It protects you from poison.
Missiles
 d - 29 bolts
 H - 33 tomahawks (quivered)
Armour
 b - the +4 ring mail of Awe (worn) {rElec Int+3 Stlth+}
   (Okawaru gifted it to you on level 1 of the Lair of Beasts)

   It affects your intelligence (+3).
   It insulates you from electricity.
   It makes you more stealthy.
 s - the +1 helmet of Immorality (worn) {Slay+3 SInv}
   (Okawaru gifted it to you on level 6 of the Lair of Beasts)

   It affects your accuracy and damage with ranged weapons and melee attacks
   (+3).
   It lets you see invisible.
 E - a +1 cloak (worn)
 G - a +0 troll leather armour
 I - a +2 pair of gloves (worn)
 T - a +3 buckler of reflection (worn)
Jewellery
 w - a +3 ring of strength (left hand)
 x - an uncursed ring of flight
 K - a +3 ring of dexterity (right hand)
 P - the amulet of Kihesm (around neck) {Faith rPois Dex+4}
   (You found it on level 8 of the Dungeon)

   [amulet of faith]

   It allows you to gain divine favour quickly.
   It affects your dexterity (+4).
   It protects you from poison.
Wands
 D - a wand of flame (24)
 F - a wand of paralysis (19)
 N - a wand of enslavement (5)
 O - a wand of random effects (47)
 R - a wand of iceblast (7)
 V - a wand of disintegration (8)
Scrolls
 i - 9 scrolls of remove curse
 k - a scroll of immolation {unknown}
 m - 2 scrolls of amnesia
 o - 5 scrolls of fear
 p - 4 scrolls of teleportation
 q - 3 scrolls of magic mapping
 z - a scroll of enchant weapon {unknown}
 J - a scroll of fog
 M - 2 scrolls of vulnerability
 S - a scroll of brand weapon {unknown}
 Z - a scroll of silence {unknown}
Potions
 e - a potion of flight {unknown}
 g - 3 potions of lignification
 j - 2 potions of magic
 l - 11 potions of heal wounds
 n - 2 potions of haste
 u - 2 potions of brilliance
 v - 3 potions of might
 A - a potion of experience {unknown}
 C - 12 potions of curing
 L - a potion of degeneration {unknown}
 U - 2 potions of agility
 X - a potion of mutation {unknown}
Books
 c - a book of Debilitation

   Spells                             Type                      Level
   a - Corona                         Hexes                        1
   b - Slow                           Hexes                        2
   c - Inner Flame                    Hexes/Fire                   3
   d - Portal Projectile              Hexes/Translocation          3
   e - Cause Fear                     Hexes                        4
   f - Leda's Liquefaction            Hexes/Earth                  4
 h - a book of the Sky

   Spells                             Type                      Level
   a - Summon Lightning Spire         Summoning/Air                4
   b - Silence                        Hexes/Air                    5
   c - Deflect Missiles               Charms/Air                   6
   d - Conjure Ball Lightning         Conjuration/Air              6
   e - Tornado                        Air                          9
 W - a book of Battle

   Spells                             Type                      Level
   a - Infusion                       Charms                       1
   b - Shroud of Golubria             Charms/Translocation         2
   c - Song of Slaying                Charms                       2
   d - Spectral Weapon                Hexes/Charms                 3
   e - Regeneration                   Charms/Necromancy            3
Comestibles
 f - 33 rations


   Skills:
 + Level 9.2 Fighting
 + Level 8.8 Short Blades
 + Level 8.8 Long Blades
 + Level 8.8 Axes
 + Level 8.8 Maces & Flails
 + Level 8.8 Polearms
 + Level 8.8 Staves
 + Level 8.8 Slings
 + Level 8.8 Bows
 + Level 9.9 Crossbows
 + Level 8.8 Throwing
 + Level 8.8 Armour
 + Level 9.9 Dodging
 + Level 8.8 Stealth
 + Level 8.8 Shields
 + Level 8.8 Unarmed Combat
 + Level 9.2 Spellcasting
 + Level 7.3 Conjurations
 + Level 9.2 Hexes
 + Level 7.3 Charms
 + Level 7.3 Summonings
 + Level 7.3 Necromancy
 + Level 7.3 Translocations
 + Level 7.3 Transmutations
 + Level 7.3 Fire Magic
 + Level 7.3 Ice Magic
 + Level 7.3 Air Magic
 + Level 7.3 Earth Magic
 + Level 7.3 Poison Magic
 + Level 9.5 Invocations
 + Level 8.8 Evocations


You had 16 spell levels left.
You knew the following spells:

 Your Spells              Type           Power        Failure   Level  Hunger
a - Corona                Hex            ######.      1%          1    None
b - Portal Projectile     Hex/Tloc       #####.       1%          3    None
c - Cause Fear            Hex            ######....   2%          4    ##.....
d - Song of Slaying       Chrm           #####...     1%          2    None
e - Shroud of Golubria    Chrm/Tloc      #####.....   1%          2    None
f - Regeneration          Chrm/Necr      #####.....   1%          3    None


Dungeon Overview and Level Annotations

Branches:
Dungeon (11/15)            Temple (1/1) D:5            Lair (6/6) D:8
  Swamp (0/4) Lair:3        Snake (0/4) Lair:3        Slime (0/5) Lair:5
    Orc (0/2) D:10

Altars:
Ashenzari
Cheibriados
Dithmenos
Elyvilon
Fedhas
Gozag
Hepliaklqana
Kikubaaqudgha
Makhleb
Nemelex Xobeh
Okawaru
Qazlal
Ru
Sif Muna
Trog
Uskayaw
Vehumet
Wu Jian
Xom
Yredelemnul
Zin
The Shining One
Jiyva

Shops:
D:10 [!!?   D:11 *

Annotations:
D:4 Slothtographer's ghost, amateur TeHu
D:5 Fuxmar's ghost, novice OpFi
D:11 1 exclusion


Innate Abilities, Weirdness & Mutations

Your experience applies equally to all skills.
You have very sharp teeth.
Your uncanny sense of smell can sniff out nearby items.


Message History

The acid blob is severely wounded.
The acid blob spits acid at you. The splash of acid hits you!
* * * LOW HITPOINT WARNING * * *
The acid corrodes you!
You are splashed with acid!
The acid burns!
* * * LOW HITPOINT WARNING * * *
Okay, then.
You feel much better. The acid blob spits acid at you.
The splash of acid hits you!
* * * LOW HITPOINT WARNING * * *
You are splashed with acid!
The acid burns!
* * * LOW HITPOINT WARNING * * *
The acid blob completely misses you.
Something bites the plant but does no damage.
The acid blob spits acid at you. The splash of acid hits you!
* * * LOW HITPOINT WARNING * * *
You are splashed with acid!
The acid burns!
You die...

..S P..
...P####..
.....
...P..#...
......
....!....##
......
....PP.P.#
....P.
#..P....##.(.P#
#...%##..(.#
#.#......(##
#.@P#.(..#
##..#(####
#.#J## #####


You could see an acid blob.

Vanquished Creatures
  Snorg (Lair:5)
  The ghost of BrokenGlass the Fighter, a journeyman DrWn of Xom (Lair:1)
  A death ooze (Lair:6)
  Erolcha (D:9)
  3 hydras
  A catoblepas (Lair:5)
  4 two-headed ogres
  A fire crab (Lair:5)
  2 ugly things (D:11)
  A manticore (D:11)
  2 cyclopes (D:11)
  2 black mambas (Lair:5)
  6 spiny frogs
  2 rime drakes
  4 komodo dragons
  2 trolls (D:11)
  A queen bee (D:8)
  2 polar bears
  2 slime creatures (Lair:5)
  14 blink frogs
  Prince Ribbit (D:7)
  6 hippogriffs
  4 dream sheep (Lair:1)
  Sigmund (D:4)
  A spriggan (Lair:5)
  A wyvern (D:11)
  36 yaks
  Eustachio (D:4)
  2 hungry ghosts
  A wraith (D:11)
  2 basilisks
  3 vampire mosquitoes (Lair:3)
  4 nagas (Lair:3)
  16 water moccasins
  14 porcupines
  6 orc warriors
  2 black bears
  4 ice beasts
  3 sky beasts
  8 centaurs
  9 wolves
  7 ogres
  A big kobold (D:8)
  10 crocodiles
  22 bullfrogs
  A wyvern zombie (D:11)
  A gnoll sergeant (D:4)
  2 scorpions
  18 wights
  19 killer bees
  7 howler monkeys
  2 crimson imps
  A centaur zombie (D:10)
  A quasit (D:8)
  6 jellies
  7 orc wizards
  Crazy Yiuf (D:4)
  5 orc priests
  A bullfrog skeleton (D:11)
  6 hounds
  3 centaur skeletons (D:6)
  3 iguanas
  4 hell rats (Lair:6)
  13 worker ants
  Robin (D:4)
  8 gnolls
  11 adders
  A shadow imp (D:9)
  2 adder skeletons
  7 worms
  2 dart slugs
  5 leopard geckos
  33 orcs
  3 ball pythons
  7 bats
  7 giant cockroaches
  9 goblins
  9 hobgoblins
  11 jackals
  10 kobolds
  9 quokkas
  4 frilled lizards
  A jackal skeleton (D:4)
  A leopard gecko skeleton (D:6)
  A leopard gecko zombie (D:5)
  A quokka zombie (D:7)
  8 rats
  A butterfly (Lair:3)
471 creatures vanquished.

Vanquished Creatures (others)
  A jackal skeleton (D:5)
  9 fungi
  29 plants
39 creatures vanquished.

Grand Total: 510 creatures vanquished

Notes
Turn   | Place    | Note
-------+----------+-------------------------------------------
     0 | D:1      | Ivernyr the Gnoll Arcane Marksman began the quest for the Orb.
     0 | D:1      | Reached XP level 1. HP: 17/17 MP: 4/4
   410 | D:1      | Reached XP level 2. HP: 15/23 MP: 5/5
  2211 | D:2      | Reached XP level 3. HP: 19/28 MP: 7/7
  2592 | D:2      | Reached skill level 1 in Invocations
  3582 | D:2      | Reached skill level 1 in Short Blades
  3582 | D:2      | Reached skill level 1 in Long Blades
  3582 | D:2      | Reached skill level 1 in Axes
  3582 | D:2      | Reached skill level 1 in Maces & Flails
  3582 | D:2      | Reached skill level 1 in Polearms
  3582 | D:2      | Reached skill level 1 in Staves
  3582 | D:2      | Reached skill level 1 in Slings
  3582 | D:2      | Reached skill level 1 in Bows
  3582 | D:2      | Reached skill level 1 in Throwing
  3582 | D:2      | Reached skill level 1 in Armour
  3582 | D:2      | Reached skill level 1 in Stealth
  3582 | D:2      | Reached skill level 1 in Shields
  3582 | D:2      | Reached skill level 1 in Unarmed Combat
  3582 | D:2      | Reached skill level 1 in Evocations
  3922 | D:3      | Reached XP level 4. HP: 22/34 MP: 8/8
  4608 | D:3      | Reached skill level 1 in Conjurations
  4608 | D:3      | Reached skill level 1 in Charms
  4608 | D:3      | Reached skill level 1 in Summonings
  4608 | D:3      | Reached skill level 1 in Necromancy
  4608 | D:3      | Reached skill level 1 in Translocations
  4608 | D:3      | Reached skill level 1 in Transmutations
  4608 | D:3      | Reached skill level 1 in Fire Magic
  4608 | D:3      | Reached skill level 1 in Ice Magic
  4608 | D:3      | Reached skill level 1 in Air Magic
  4608 | D:3      | Reached skill level 1 in Earth Magic
  4608 | D:3      | Reached skill level 1 in Poison Magic
  5091 | D:4      | Noticed Slothtographer's ghost (amateur TeHu)
  5235 | D:4      | Found a glowing drain.
  5527 | D:4      | Reached XP level 5. HP: 26/40 MP: 9/9
  5795 | D:4      | Learned a level 3 spell: Portal Projectile
  5987 | D:4      | Noticed Sigmund
  5995 | D:4      | Killed Sigmund
  5995 | D:4      | Reached skill level 5 in Crossbows
  5995 | D:4      | Reached skill level 5 in Dodging
  5995 | D:4      | Reached XP level 6. HP: 37/47 MP: 9/11
  6306 | D:4      | Noticed Eustachio
  6328 | D:4      | Killed Eustachio
  6328 | D:4      | Reached XP level 7. HP: 50/52 MP: 3/12
  6557 | D:4      | Noticed Robin
  6566 | D:4      | Killed Robin
  6666 | D:4      | Found a runed door.
  7514 | D:4      | Noticed Crazy Yiuf
  7519 | D:4      | Killed Crazy Yiuf
  7555 | D:5      | Entered Level 5 of the Dungeon
  7669 | D:4      | Reached XP level 8. HP: 56/60 MP: 14/14
  7718 | D:5      | Learned a level 4 spell: Cause Fear
  7755 | D:5      | Noticed Fuxmar's ghost (novice OpFi)
  7774 | D:5      | Got a silken robe
  7785 | D:5      | Identified the +0 robe of the Invisible Hand {+Fly Int-2 Slay+3} (You found it on level 5 of the Dungeon)
  8250 | D:5      | Found a staircase to the Ecumenical Temple.
  8259 | Temple   | Entered the Ecumenical Temple
  8566 | D:5      | Found a hazy altar of Hepliaklqana.
  9828 | D:6      | Reached XP level 9. HP: 58/66 MP: 16/16
 10279 | D:7      | Reached skill level 5 in Spellcasting
 10308 | D:7      | Noticed Prince Ribbit
 10366 | D:7      | Killed Prince Ribbit
 10366 | D:7      | Reached skill level 5 in Fighting
 10859 | D:7      | Found a shadowy altar of Dithmenos.
 11101 | D:7      | Found a glowing silver altar of Zin.
 11151 | D:7      | Reached skill level 5 in Invocations
 11467 | D:8      | Reached XP level 10. HP: 60/74 MP: 18/18
 11877 | D:8      | Reached skill level 5 in Short Blades
 11877 | D:8      | Reached skill level 5 in Long Blades
 11877 | D:8      | Reached skill level 5 in Axes
 11877 | D:8      | Reached skill level 5 in Maces & Flails
 11877 | D:8      | Reached skill level 5 in Polearms
 11877 | D:8      | Reached skill level 5 in Staves
 11877 | D:8      | Reached skill level 5 in Slings
 11877 | D:8      | Reached skill level 5 in Bows
 11877 | D:8      | Reached skill level 5 in Throwing
 11877 | D:8      | Reached skill level 5 in Armour
 11877 | D:8      | Reached skill level 5 in Stealth
 11877 | D:8      | Reached skill level 5 in Shields
 11877 | D:8      | Reached skill level 5 in Unarmed Combat
 11877 | D:8      | Reached skill level 5 in Evocations
 12461 | D:8      | Noticed a two-headed ogre
 12660 | D:8      | Found a staircase to the Lair.
 12950 | D:8      | Killed a two-headed ogre
 13314 | D:8      | Got a transparent bronze amulet
 13326 | D:8      | Identified the amulet of Kihesm {Faith rPois Dex+4} (You found it on level 8 of the Dungeon)
 13785 | D:9      | Reached XP level 11. HP: 57/82 MP: 20/20
 14018 | D:9      | Found a sparkling altar of Nemelex Xobeh.
 14029 | D:9      | Found an iron altar of Okawaru.
 14029 | D:9      | Found a shattered altar of Ashenzari.
 14033 | D:9      | Found a hide-covered altar of Uskayaw.
 14308 | D:9      | Found a white marble altar of Elyvilon.
 14312 | D:9      | Became a worshipper of Warmaster Okawaru
 14397 | D:9      | Got a shimmering flail
 14398 | D:9      | Identified the +9 flail of Severance {venom, Dex+2} (You found it on level 9 of the Dungeon)
 14450 | D:9      | Got a steaming ring mail
 14461 | D:9      | Identified the +2 ring mail "Lysaitt" {rC- Str-4 Int+5} (You found it on level 9 of the Dungeon)
 14512 | D:9      | Noticed a two-headed ogre
 14642 | D:9      | Killed a two-headed ogre
 14642 | D:9      | Reached * piety under Okawaru
 14642 | D:9      | Reached skill level 5 in Conjurations
 14642 | D:9      | Reached skill level 5 in Charms
 14642 | D:9      | Reached skill level 5 in Summonings
 14642 | D:9      | Reached skill level 5 in Necromancy
 14642 | D:9      | Reached skill level 5 in Translocations
 14642 | D:9      | Reached skill level 5 in Transmutations
 14642 | D:9      | Reached skill level 5 in Fire Magic
 14642 | D:9      | Reached skill level 5 in Ice Magic
 14642 | D:9      | Reached skill level 5 in Air Magic
 14642 | D:9      | Reached skill level 5 in Earth Magic
 14642 | D:9      | Reached skill level 5 in Poison Magic
 14731 | D:9      | Noticed Erolcha
 14737 | D:9      | Killed Erolcha
 14737 | D:9      | Reached ** piety under Okawaru
 14862 | D:10     | Entered Level 10 of the Dungeon
 14919 | D:10     | Found Uclat's Distillery.
 14920 | D:10     | Found the +11 plutonium sword {*Contam Stlth-}
 15037 | D:10     | Found Owko's Magic Scroll Shoppe.
 15044 | D:10     | Bought a scroll of identify for 34 gold pieces
 15213 | D:10     | Found a staircase to the Orcish Mines.
 15223 | D:10     | Found Uniss's Armour Emporium.
 15463 | D:10     | Bought a +1 buckler of reflection for 175 gold pieces
 15484 | D:10     | Reached *** piety under Okawaru
 15581 | D:10     | Found Vuqudenn's Distillery.
 15693 | D:10     | Noticed a two-headed ogre
 15704 | D:10     | Killed a two-headed ogre
 16183 | D:11     | Noticed a two-headed ogre
 16192 | D:11     | Killed a two-headed ogre
 16192 | D:11     | Reached **** piety under Okawaru
 16205 | D:11     | Noticed a cyclops
 16209 | D:11     | Noticed a red ugly thing
 16214 | D:11     | Killed a cyclops
 16214 | D:11     | Received a gift from Okawaru
 16214 | D:11     | Reached XP level 12. HP: 84/91 MP: 21/23
 16464 | D:11     | Found Ofuyl Jyese's Assorted Antiques.
 16887 | D:11     | Reached ***** piety under Okawaru
 17175 | D:11     | Found a burning altar of Makhleb.
 17228 | D:11     | Received a gift from Okawaru
 17234 | D:11     | Learned a level 2 spell: Song of Slaying
 17237 | D:11     | Learned a level 2 spell: Shroud of Golubria
 17241 | D:11     | Learned a level 3 spell: Regeneration
 17538 | Lair:1   | Entered Level 1 of the Lair of Beasts
 17867 | Lair:1   | Received a gift from Okawaru
 17877 | Lair:1   | Got a dazzling ring mail {god gift}
 17891 | Lair:1   | Identified the +4 ring mail of Awe {rElec Int+3 Stlth+} (Okawaru gifted it to you on level 1 of the Lair of Beasts)
 18117 | Lair:1   | Noticed BrokenGlass's ghost (journeyman DrWn)
 18189 | Lair:1   | Killed BrokenGlass's ghost
 18536 | Lair:1   | Noticed a seven-headed hydra
 18548 | Lair:1   | Killed a seven-headed hydra
 19615 | Lair:2   | Reached XP level 13. HP: 70/98 MP: 20/25
 19928 | Lair:3   | Found a staircase to the Swamp.
 19947 | Lair:3   | Received a gift from Okawaru
 19993 | Lair:3   | Got a fine longbow {god gift}
 20000 | Lair:3   | Identified the +4 longbow of Crystal {venom, rPois Str-5 Dex+4 Stlth+} (Okawaru gifted it to you on level 3 of the Lair of Beasts)
 20658 | Lair:3   | Found a staircase to the Snake Pit.
 20864 | Lair:3   | Received a gift from Okawaru
 21072 | Lair:4   | Got a translucent ring mail
 21073 | Lair:4   | Identified the +5 ring mail "Pinuor" {MR- MP+9 SInv} (You found it on level 4 of the Lair of Beasts)
 21997 | Lair:5   | Noticed Snorg
 22009 | Lair:5   | Killed Snorg
 22064 | Lair:5   | Received a gift from Okawaru
 22064 | Lair:5   | Reached ****** piety under Okawaru
 22068 | Lair:5   | Got a crude rapier {god gift}
 22076 | Lair:5   | Identified the +8 rapier "Amnipsib" {drain, rPois Int+4 Dex+3} (Okawaru gifted it to you on level 5 of the Lair of Beasts)
 22387 | Lair:5   | Found a staircase to the Slime Pits.
 22969 | Lair:6   | Entered Level 6 of the Lair of Beasts
 22973 | Lair:6   | Reached XP level 14. HP: 108/108 MP: 27/27
 23024 | Lair:6   | Found a viscous altar of Jiyva.
 23038 | Lair:6   | Received a gift from Okawaru
 23049 | Lair:6   | Got a brightly glowing helmet {god gift}
 23060 | Lair:6   | Identified the +1 helmet of Immorality {Slay+3 SInv} (Okawaru gifted it to you on level 6 of the Lair of Beasts)
 23130 | Lair:6   | Noticed an acid blob
 23197 | Lair:6   | Splashed by an acid blob's acid

Skill      XL: |  1  2  3  4  5  6  7  8  9 10 11 12 13 |
---------------+----------------------------------------+-----
Invocations    | 1 2 3 4 5 6 7 8 9 |  9.5
Short Blades   | 1 2 3 4 5 6 7 8 |  8.8
Long Blades    | 1 2 3 4 5 6 7 8 |  8.8
Axes           | 1 2 3 4 5 6 7 8 |  8.8
Maces & Flails | 1 2 3 4 5 6 7 8 |  8.8
Polearms       | 1 2 3 4 5 6 7 8 |  8.8
Staves         | 1 2 3 4 5 6 7 8 |  8.8
Slings         | 1 2 3 4 5 6 7 8 |  8.8
Bows           | 1 2 3 4 5 6 7 8 |  8.8
Throwing       | 1 2 3 4 5 6 7 8 |  8.8
Armour         | 1 2 3 4 5 6 7 8 |  8.8
Stealth        | 1 2 3 4 5 6 7 8 |  8.8
Shields        | 1 2 3 4 5 6 7 8 |  8.8
Unarmed Combat | 1 2 3 4 5 6 7 8 |  8.8
Evocations     | 1 2 3 4 5 6 7 8 |  8.8
Spellcasting   | 3 4 5 6 7 8 9 |  9.2
Conjurations   | 1 2 3 4 5 6 7 |  7.3
Charms         | 1 2 3 4 5 6 7 |  7.3
Summonings     | 1 2 3 4 5 6 7 |  7.3
Necromancy     | 1 2 3 4 5 6 7 |  7.3
Translocations | 1 2 3 4 5 6 7 |  7.3
Transmutations | 1 2 3 4 5 6 7 |  7.3
Fire Magic     | 1 2 3 4 5 6 7 |  7.3
Ice Magic      | 1 2 3 4 5 6 7 |  7.3
Air Magic      | 1 2 3 4 5 6 7 |  7.3
Earth Magic    | 1 2 3 4 5 6 7 |  7.3
Poison Magic   | 1 2 3 4 5 6 7 |  7.3
Fighting       | 3 4 5 6 7 8 9 |  9.2
Crossbows      | 5 6 7 8 9 |  9.9
Dodging        | 5 6 7 8 9 |  9.9
Hexes          | 6 7 8 9 |  9.2

Action                   |  1- 3 |  4- 6 |  7- 9 | 10-12 | 13-15 || total
-------------------------+-------+-------+-------+-------+-------++-------
Melee: Unarmed           |   299 |       |       |       |       ||   299
       Bite              |    27 |     6 |    28 |   109 |    93 ||   263
       Trident           |       |   101 |   291 |   242 |       ||   634
       Punch             |       |       |     9 |    14 |       ||    23
       Flail             |       |       |       |   361 |   250 ||   611
       Rapier            |       |       |       |       |   195 ||   195
 Fire: Hand crossbow     |    10 |    23 |    30 |     6 |       ||    69
Throw: Javelin           |       |       |    13 |    13 |       ||    26
       Tomahawk          |       |       |    42 |    72 |    14 ||   128
 Cast: Corona            |       |     7 |    61 |    92 |    33 ||   193
       Portal Projectile |       |     2 |     1 |     1 |       ||     4
       Shroud of Golubri |       |       |       |     6 |    17 ||    23
       Regeneration      |       |       |       |     3 |    13 ||    16
       Song of Slaying   |       |       |       |       |     5 ||     5
  Use: Scroll            |       |       |     4 |    12 |     5 ||    21
       Potion            |       |       |       |       |     1 ||     1
 Stab: Sleeping          |     2 |     6 |    13 |    11 |    10 ||    42
       Distracted        |       |       |       |       |     2 ||     2
  Eat: Ration            |     1 |       |       |     2 |       ||     3
       Chunk             |     5 |     8 |    17 |    22 |    13 ||    65
Armor: Robe              |    39 |    20 |    65 |    80 |       ||   204
       Ring mail         |       |       |       |    62 |   106 ||   168
Dodge: Dodged            |   200 |    77 |   245 |   572 |   334 ||  1428
Block: Buckler           |       |       |       |   172 |   283 ||   455
       Reflection        |       |       |       |     6 |     4 ||    10
